 Dungeon Crawl Stone Soup version 0.31-a0-1042-ga9834b3 (webtiles) character file.

Game seed: 12497040608287759888

499 PurpleRed the Conjurer (level 6, -2/36 HPs)
             Began as a Deep Elf Fighter on Nov 19, 2023.
             Slain by a gnoll
             ... wielding a +0 halberd
             ... led by a gnoll bouda
              (9 damage)
             ... on level 4 of the Dungeon.
             The game lasted 00:09:30 (3347 turns).

PurpleRed the Conjurer (Deep Elf Fighter)           Turns: 3347, Time: 00:09:31

Health: -2/36      AC:  6    Str: 13    XL:     6   Next: 94%
Magic:  15/15      EV:  9    Int: 15    God:
Gold:   227        SH:  4    Dex: 14    Spells: 15/15 levels left

rFire   . . .        g - +3 dagger (venom)
rCold   . . .        c - +0 buckler
rNeg    . . .        p - +1 ring mail
rPois   .            (no helmet)
rElec   .            (no cloak)
rCorr   .            (no gloves)
SInv    .            (no boots)
Will    .....        (no amulet)
Stlth   +            (no ring)
HPRegen 0.26/turn    (no ring)
MPRegen 0.14/turn

%: no passive effects
@: no status effects
A: no striking features
a: no special abilities


You were on level 4 of the Dungeon.
You visited 1 branch of the dungeon, and saw 4 of its levels.
You also visited: Sewer.

You collected 227 gold pieces.

Inventory:

Hand Weapons
 a - a +0 rapier of freezing
 g - a +3 dagger of venom (weapon)
 r - a +1 short sword of draining
Missiles
 s - 5 poisoned darts
 t - a curare-tipped dart
Armour
 b - a +0 scale mail
 c - a +0 buckler (worn)
 i - a +0 leather armour
 p - a +1 ring mail (worn)
 v - a +0 robe of positive energy
Scrolls
 m - 2 scrolls of brand weapon
 o - 3 scrolls of revelation
Potions
 e - 3 potions of brilliance
 h - 2 potions of curing
 l - 3 potions of haste
 w - 2 potions of might


   Skills:
 - Level 2.4 Fighting
 - Level 2.0 Short Blades
 - Level 2.4 Armour
 - Level 2.4 Shields
 - Level 5.3 Spellcasting
 + Level 6.3 Conjurations


You had 15 spell levels left.
You didn't know any spells.
Your spell library contained the following spells:

 Spells                   Type           Power      Damage    Failure   Level
 Sting                    Tmut/Pois      12%        1d3       43%         1
 Poisonous Vapours        Pois/Air       6%         N/A       56%         2
 Ozocubu's Armour         Ice            3%         N/A       80%         3
 Olgreb's Toxic Radiance  Pois           3%         N/A       99%         4
 Ozocubu's Refrigeration  Ice            1%         4d7       100%        7


Dungeon Overview and Level Annotations

Branches:
Dungeon (4/15)              Sewer (visited)
 Temple: D:4-7

Altars:
Cheibriados
Uskayaw
Xom


Message History

The gnoll bouda is severely wounded.
The gnoll bouda hits you but does no damage.
You hit the gnoll bouda.
The gnoll bouda is almost dead.
The gnoll bouda gazes fiercely through you!
You feel your attacks grow feeble.
The gnoll bouda hits you with a +0 club!
You hit the gnoll bouda but do no damage.
The gnoll bouda is almost dead.
You kill the gnoll bouda!
The gnoll closely misses you.
You barely miss the gnoll.
The gnoll is severely wounded.
The gnoll hits you with a +0 club.
You hit the gnoll.
The gnoll looks even sicker.
The gnoll is almost dead.
You kill the gnoll!
The gnoll is no longer moving quickly.
You hit the gnoll but do no damage.
The gnoll is poisoned.
Your attacks no longer feel as feeble.
The gnoll is no longer moving quickly.
The gnoll hits you with a +0 flail.
* * * LOW HITPOINT WARNING * * *
The gnoll attacks as it pursues you! The gnoll hits you with a +0 flail.
* * * LOW HITPOINT WARNING * * *
Okay, then.
You feel much better. You block the gnoll's attack.
You barely miss the gnoll.
The gnoll is moderately wounded.
The gnoll hits you with a +0 flail!
You hit the gnoll.
The gnoll looks as sick as possible!
The gnoll is moderately wounded.
The gnoll hits you from afar with a +0 halberd!
The gnoll hits you with a +0 flail.
* * * LOW HITPOINT WARNING * * *
You hit the gnoll.
The gnoll looks as sick as possible!
The gnoll is severely wounded.
The gnoll hits you with a +0 club.
* * * LOW HITPOINT WARNING * * *
The gnoll hits you from afar with a +0 halberd!
You die...

.....#...#,,,,,,,,,,,,,*,,,,~~~,,
.......#'####,****,,,****,,,,,,,,
.#####......########+# **,,,,,,,
.# #......#........#******,,,**
.# #......#........#,,,,,*****,
.#####......#........#,,,,,,,,,,,
.#####......#........+,,,,,,,,,,,
.#####......'....g...#,,,,,,,****
.#####......#...@g...#,,,,,,,*
.#####......######g###,,,g,,,*
..########.....###)#,,,,..,,,*
ยง.### #.....#.gg#,,,ggg,,,*
..### #.....#...#,,....,,,* ..###
#.....#...#,.....,,,* ..####
#.....##'##......,,,* .....#
#####.>..........,,,* .....#
#............,,,*


You could see 3 gnolls.

Vanquished Creatures
  Grinder (Sewer)
  A kobold brigand (Sewer)
  2 quasits (Sewer)
  A gnoll bouda (D:4)
  A gnoll (D:4)
  4 adders
  3 shadow imps (Sewer)
  An ufetubus (Sewer)
  2 worms
  A dart slug (D:1)
  2 bats
  8 endoplasms
  5 giant cockroaches
  5 goblins
  6 hobgoblins
  3 jackals (D:3)
  19 kobolds
  A quokka (D:2)
  8 ball pythons
  2 frilled lizards
  4 rats
80 creatures vanquished.

Vanquished Creatures (others)
  An adder zombie (Sewer)
  An endoplasm (Sewer)
2 creatures vanquished.

Grand Total: 82 creatures vanquished

Notes
Turn   | Place    | Note
-------+----------+-------------------------------------------
     0 | D:1      | PurpleRed the Deep Elf Fighter began the quest for the Orb.
     0 | D:1      | Reached XP level 1. HP: 13/13 MP: 3/3
    77 | D:1      | Reached skill level 1 in Spellcasting
   400 | D:1      | Reached XP level 2. HP: 7/18 MP: 7/7
  1031 | D:2      | Reached XP level 3. HP: 22/22 MP: 10/10
  1194 | D:2      | Found a hide-covered altar of Uskayaw.
  1305 | D:2      | Found a faded altar of an unknown god.
  1848 | D:3      | Found a snail-covered altar of Cheibriados.
  1848 | D:3      | Found a shimmering altar of Xom.
  1902 | D:3      | Reached skill level 5 in Spellcasting
  1902 | D:3      | Reached XP level 4. HP: 27/27 MP: 13/13
  2519 | D:4      | Found a glowing drain.
  2537 | D:4      | Reached skill level 1 in Conjurations
  2543 | Sewer    | Entered a sewer
  2725 | Sewer    | Reached skill level 2 in Conjurations
  2739 | Sewer    | Reached XP level 5. HP: 16/31 MP: 14/14
  2773 | Sewer    | Found a burning altar of Makhleb.
  2851 | Sewer    | Reached skill level 4 in Conjurations
  2959 | Sewer    | Reached XP level 6. HP: 14/36 MP: 15/15
  3054 | Sewer    | Noticed Grinder
  3071 | Sewer    | Killed Grinder
  3072 | Sewer    | Reached skill level 6 in Conjurations
  3347 | D:4      | Slain by a gnoll

Illustrated notes

Levels and vault maps discovered:
D:1:      evilmike_arrival_crescent, layout_loops_ring
D:2:      layout_basic, basic_altar, hellmonk_ecumenical_altar_lost_god
D:3:      layout_loops_ring, nicolae_overflow_hidden_temple
D:4:      layout_gridville, tgw_sif, cheibrodos_sewer_entry_bend,
          kennysheep_small_square, uniq_natasha, uniq_blork_the_orc

Skill      XL: |  1  2  3  4  5  6 |
---------------+-------------------+-----
Spellcasting   | 2 3 5 |  5.3
Conjurations   | 2 4 6 |  6.3
Fighting       | |  2.4
Short Blades   | |  2.0
Armour         | |  2.4
Shields        | |  2.4

Action                     |  1- 3 |  4- 6 || total
---------------------------+-------+-------++-------
  Melee: Rapier            |    19 |       ||    19
         Dagger            |    94 |   147 ||   241
    Use: Potion            |       |     3 ||     3
         Scroll            |       |    12 ||    12
 Armour: Scale mail        |    66 |   111 ||   177
         Ring mail         |       |    14 ||    14
  Dodge: Dodged            |    37 |    56 ||    93
  Block: Buckler           |    18 |    31 ||    49

Table legend: (Time is in decaauts)
 A = Elapsed time spent in this place.
 B = Non-inter-level travel time spent in this place.
 C = Inter-level travel time spent in this place.
 D = Time resting spent in this place.
 E = Time spent auto-exploring this place.
 F = Levels seen in this place.
 G = Mean time per level.
                   A        B        C        D        E       F      G
               +--------+--------+--------+--------+--------+-----+--------+
         Total |   3348 |   3194 |    154 |    100 |   2313 |   5 |  669.6 |
       Dungeon |   2782 |   2628 |    154 |    100 |   2034 |   4 |  695.5 |
         Sewer |    565 |    565 |      0 |      0 |    279 |   1 |  565.0 |
               +--------+--------+--------+--------+--------+-----+--------+

Top non-repeatable levels by time:
     D:2: 892 daAuts
     D:3: 863 daAuts
     D:1: 753 daAuts
   Sewer: 565 daAuts
     D:4: 273 daAuts
